 Dungeon Crawl Stone Soup version 0.18.1-51-gd549091e01 (webtiles) character file.

5174 magog001 the Protected (level 10, -3/136 HPs)
             Began as a Minotaur Fighter on Apr 16, 2023.
             Was a Follower of Nemelex Xobeh.
             Killed from afar by a deep elf mage (13 damage)
             ... with a bolt of fire
             ... in a bailey.
             The game lasted 00:58:58 (11626 turns).

magog001 the Protected (Minotaur Fighter)          Turns: 11626, Time: 00:58:59

Health: -3/136     AC: 30    Str: 29    XL:     10   Next: 34%
Magic:  9/9        EV:  2    Int:  5    God:    Nemelex Xobeh [*.....]
Gold:   847        SH: 12    Dex: 11    Spells: 0 memorised, 9 levels left

rFire  + . .     SeeInvis .     D - +4 falchion (protect)
rCold  . . .     Gourm    .     (armour currently unavailable)
rNeg   + + +     Faith    .     c - +0 shield
rPois  +         Spirit   .     (helmet currently unavailable)
rElec  .         Dismiss  .     (cloak currently unavailable)
rCorr  .         Reflect  .     (gloves currently unavailable)
SustAt .         Harm     .     (boots currently unavailable)
MR     .....     NoTele   +     W - amulet of regeneration
Stlth  +.........               E - +6 ring of strength
                                H - ring of protection from fire

@: liquid flames, tree-form (expiring), glowing, not resistant to hostile
enchantments, very unstealthy
A: (retaliatory headbutt), (horns 0)
a: Renounce Religion


You were in a bailey.
You worshipped Nemelex Xobeh.
Nemelex Xobeh was aware of your devotion.
You were very hungry.
You were a tree.
You visited 2 branches of the dungeon, and saw 10 of its levels.
You also visited: Ossuary and Bailey.

You collected 847 gold pieces.

Inventory:

Hand Weapons
 a - a +0 war axe
 D - a +4 falchion of protection (weapon)
 Y - a +1 blowgun
Missiles
 n - 16 tomahawks (quivered)
 s - 7 needles of sleeping
 A - 6 javelins
 Z - 14 poisoned needles
Armour
 c - a +0 shield (worn)
 k - a +0 cloak (melded)
 Q - a +3 ring mail of fire resistance
 S - a +0 pair of gloves (melded)
 X - a +3 chain mail of cold resistance (melded)
Jewellery
 r - an uncursed ring of resist corrosion
 E - a +6 ring of strength (right branch)
 H - a ring of protection from fire (left branch)
 U - an uncursed ring of stealth
 W - an amulet of regeneration (around neck)
Wands
 d - a wand of paralysis (13/24)
 l - a wand of slowing (19/48)
 m - a wand of flame (27/48)
 K - a wand of flame (25/48)
 R - a wand of heal wounds (0/9)
Scrolls
 i - a scroll of identify
 p - a scroll of noise
 q - 2 scrolls of amnesia
 u - a scroll of blinking
 x - 5 scrolls of teleportation
 y - 3 scrolls of remove curse
 M - a scroll of immolation
 N - a scroll of fog
 P - a scroll of fear
Potions
 b - a potion of beneficial mutation {unknown}
 e - a potion of resistance {unknown}
 j - a potion of berserk rage
 o - a potion of might
 t - 2 potions of haste
 w - 6 potions of curing
 z - 3 potions of degeneration
 F - a potion of cancellation {unknown}
 G - a potion of invisibility {unknown}
 J - 3 potions of flight
 O - a potion of magic {unknown}
Miscellaneous
 g - a plain deck of escape
Comestibles
 f - 3 bread rations
 B - 5 fruits
 C - 2 chunks of flesh


   Skills:
 * Level 9.5 Fighting
 * Level 3.9 Long Blades
 - Level 9.3 Axes
 * Level 11.0 Armour
 - Level 0.1 Stealth
 + Level 8.0 Shields


You had 9 spell levels left.
You didn't know any spells.

Dungeon Overview and Level Annotations

Branches:
Dungeon (9/15)             Temple (1/1) D:7
   Lair: D:8-11         Orc: D:9-12

Altars:
Cheibriados
Elyvilon
Fedhas
Gozag
Kikubaaqudgha
Nemelex Xobeh
Okawaru
Pakellas
Ru
Sif Muna
Trog
Yredelemnul
Zin
The Shining One

Shops:
D:9 ?

Annotations:
D:5 1 runed door


Innate Abilities, Weirdness & Mutations

((You reflexively headbutt those who attack you in melee.))
((You have a pair of horns on your head.))


Message History

The fire elemental hits you. The fire elemental burns you! You resist.
* * * LOW HITPOINT WARNING * * *
The deep elf mage hits you but does no damage.
The fire elemental hits you. x2
The deep elf mage hits you but does no damage. x2
The fire elemental hits you. The fire elemental burns you! You resist.
* * * LOW HITPOINT WARNING * * *
You slash the deep elf mage!
The deep elf mage is heavily wounded.
You are covered in liquid flames!
* * * LOW HITPOINT WARNING * * *
You block the fire elemental's attack. The fire elemental hits you.
The fire elemental burns you! You resist.
* * * LOW HITPOINT WARNING * * *
The fire elemental hits you.
The deep elf mage gestures at you while chanting.
Helpless, you fail to dodge the bolt of fire.
You resist.
You die...
Your body disappears without additional glow.

e. .. .###
###. ##...#
#...## #.E...
.....# #.....
.....# #...e.
.....#
#....#....#
#####)#
##E♣e.#....#
#.EeE)#.....#
#..∩..#.....#
#..).(#.....#
###...###...##
##..##'######.
#....##...##
e.
#....#.....#
##..##..∩..#


You could see 2 deep elf magi and 3 fire elementals.

Vanquished Creatures
  The ghost of Ge0ff the Ogre Mage, a novice OgEn of Sif Muna (Bailey)
  4 deep elf magi (Bailey)
  The ghost of Ge0ff the Cudgeler, an amateur OgEn (D:3)
  A hippogriff (D:7)
  Menkaure (D:6)
  A water moccasin (D:8)
  An orc warrior (D:6)
  3 phantoms
  2 centaurs
  3 ogres
  A big kobold (D:8)
  3 giant frogs
  7 scorpions
  6 killer bees (D:9)
  2 crimson imps
  A jelly (D:8)
  A quasit (D:8)
  A giant frog skeleton (D:4)
  3 orc priests
  2 hounds
  7 orc wizards
  An iguana (D:6)
  12 worker ants
  A killer bee zombie (D:5)
  8 mummies (Ossuary)
  4 gnolls (D:6)
  9 adders
  An ooze (D:2)
  An adder zombie (D:8)
  4 worms
  2 dart slugs
  13 giant geckos
  24 orcs
  10 giant cockroaches
  10 goblins
  5 hobgoblins
  12 jackals (D:2)
  16 kobolds
  5 quokkas
  2 ball pythons (D:3)
  7 bats
  2 giant gecko skeletons
  6 giant newts
  2 gnoll zombies (Ossuary)
  2 hobgoblin zombies (Ossuary)
  2 kobold zombies (Ossuary)
  2 orc zombies (Ossuary)
  2 quokka skeletons
  5 rats
222 creatures vanquished.

Notes
Turn   | Place    | Note
--------------------------------------------------------------
     0 | D:1      | magog001 the Minotaur Fighter began the quest for the Orb.
     0 | D:1      | Reached XP level 1. HP: 19/19 MP: 0/0
   853 | D:1      | Reached XP level 2. HP: 25/27 MP: 1/1
  1015 | D:1      | Reached skill level 4 in Armour
  1218 | D:1      | Reached XP level 3. HP: 32/33 MP: 2/2
  1856 | D:2      | Reached XP level 4. HP: 41/41 MP: 3/3
  2580 | D:3      | Found an opulent altar of Gozag.
  2959 | D:3      | Noticed Ge0ff's ghost (amateur OgEn)
  2975 | D:3      | HP: 2/41 [Ge0ff's ghost (6)]
  3307 | D:3      | Killed Ge0ff's ghost
  3307 | D:3      | Reached skill level 5 in Fighting
  3307 | D:3      | Reached skill level 5 in Armour
  3307 | D:3      | Reached XP level 5. HP: 44/48 MP: 4/4
  3307 | D:3      | Reached XP level 6. HP: 51/56 MP: 5/5
  3366 | D:3      | Found a basalt altar of Yredelemnul.
  3366 | D:3      | Found an iron altar of Okawaru.
  3368 | D:3      | Found an oddly glowing altar of Pakellas.
  4159 | D:4      | Reached skill level 6 in Armour
  4461 | D:4      | Reached skill level 5 in Axes
  4618 | D:4      | Reached XP level 7. HP: 61/61 MP: 6/6
  5752 | D:5      | Entered Level 5 of the Dungeon
  5846 | D:5      | Reached skill level 7 in Armour
  5846 | D:5      | Reached skill level 5 in Shields
  5848 | D:5      | Found a snail-covered altar of Cheibriados.
  6075 | D:5      | Found a runed door.
  6089 | D:5      | Found a runed door.
  6233 | D:5      | Reached XP level 8. HP: 34/71 MP: 7/7
  6564 | D:5      | Reached skill level 8 in Armour
  7693 | D:6      | Noticed Menkaure
  7927 | D:6      | Killed Menkaure
  7927 | D:6      | Reached skill level 9 in Armour
  8357 | D:6      | Reached XP level 9. HP: 81/81 MP: 8/8
  9009 | D:7      | Found a sand-covered staircase.
  9014 | Ossuary  | Entered an ossuary
  9283 | D:7      | Found a staircase to the Ecumenical Temple.
 10128 | Temple   | Entered the Ecumenical Temple
 10223 | Temple   | Became a worshipper of Nemelex Xobeh the Trickster
 10312 | D:8      | Found a sacrificial altar of Ru.
 10627 | D:8      | Received a gift from Nemelex Xobeh
 11251 | D:9      | Reached * piety under Nemelex Xobeh
 11275 | D:9      | Reached skill level 1 in Long Blades
 11308 | D:9      | Found Estroax Duna's Magic Scroll Shoppe.
 11425 | D:9      | Reached skill level 10 in Armour
 11458 | D:9      | Found a flagged portal.
 11468 | Bailey   | Entered a bailey
 11495 | Bailey   | Noticed a deep elf mage
 11501 | Bailey   | Killed a deep elf mage
 11543 | Bailey   | Noticed a deep elf mage
 11544 | Bailey   | Noticed a deep elf mage
 11544 | Bailey   | Noticed a deep elf mage
 11544 | Bailey   | Noticed Ge0ff's ghost (novice OgEn)
 11545 | Bailey   | Noticed a deep elf mage
 11545 | Bailey   | Noticed a deep elf mage
 11558 | Bailey   | Killed a deep elf mage
 11558 | Bailey   | Reached XP level 10. HP: 91/91 MP: 9/9
 11568 | Bailey   | Killed a deep elf mage
 11591 | Bailey   | Killed a deep elf mage
 11604 | Bailey   | Killed Ge0ff's ghost
 11604 | Bailey   | Reached skill level 11 in Armour
 11626 | Bailey   | Killed from afar by a deep elf mage

Skill      XL: |  1  2  3  4  5  6  7  8  9 10 |
---------------+-------------------------------+-----
Fighting       | 4 5 6 7 9 |  9.5
Armour         | 4 5 6 7 9 10 11 | 11.0
Axes           | 3 4 5 6 7 9 |  9.3
Shields        | 4 5 7 8 |  8.0
Long Blades    | 2 3 |  3.9
Stealth        | |  0.1

Action                   |  1- 3 |  4- 6 |  7- 9 | 10-12 || total
-------------------------+-------+-------+-------+-------++-------
Melee: War axe           |    98 |   144 |   294 |       ||   536
       Headbutt          |    20 |    24 |    76 |     4 ||   124
       Falchion          |       |       |    59 |    48 ||   107
Throw: Tomahawk          |       |       |       |     1 ||     1
Evoke: Wand              |       |       |       |     2 ||     2
  Use: Potion            |       |     3 |     6 |     5 ||    14
       Scroll            |       |       |    27 |       ||    27
  Eat: Chunk             |     3 |     3 |     7 |       ||    13
       Bread ration      |       |     1 |     2 |       ||     3
       Beef jerky        |       |       |     2 |       ||     2
       Meat ration       |       |       |     1 |       ||     1
Armor: Scale mail        |    58 |    64 |    58 |       ||   180
       Chain mail        |       |       |    78 |     8 ||    86
       Ring mail         |       |       |    38 |       ||    38
       Skin              |       |       |     3 |    90 ||    93
Dodge: Dodged            |    30 |    44 |    98 |    10 ||   182
Block: Shield            |    50 |    80 |   213 |    37 ||   380
